 Dungeon Crawl Stone Soup version 0.30-a0-748-ge6a52f7cba (webtiles) character file.

Game seed: 16487800605096733769

12488 kae the Geomancer (level 11, -9/54 HPs)
             Began as a Gargoyle Earth Elementalist on Feb 8, 2023.
             Was an Elder of Vehumet.
             Mangled by a two-headed ogre
             ... wielding a +0 giant spiked club
              (20 damage)
             ... on level 11 of the Dungeon.
             The game lasted 00:09:40 (10824 turns).

kae the Geomancer (Gargoyle Earth Elementalist)    Turns: 10824, Time: 00:09:41

Health: -9/54      AC: 13    Str: 12    XL:     11   Next: 94%
Magic:  13/25      EV: 11    Int: 20    God:    Vehumet [****..]
Gold:   1422       SH:  0    Dex: 10    Spells: 13/30 levels left

rFire   . . .      SeeInvis +    N - +2 spear (heavy)
rCold   + . .      Faith    .    (no shield)
rNeg    + . .      Spirit   .    L - +0 troll leather armour
rPois   ∞          Reflect  .    (no helmet)
rElec   +          Harm     .    q - +0 cloak {Will+}
rCorr   .          Rampage  .    (no gloves)
Will    +....                    (no boots)
Stlth   ++                       g - amulet of regeneration
HPRegen 1.89/turn                C - ring of protection from cold
MPRegen 0.19/turn                v - ring of see invisible

@: slowed, very slow
A: sickness immunity, AC +8, negative energy resistance 1, electricity
resistance, torment resistance 1, petrification resistance
a: Renounce Religion


You were on level 11 of the Dungeon.
You worshipped Vehumet.
Vehumet was greatly pleased with you.
You visited 2 branches of the dungeon, and saw 12 of its levels.
You also visited: Ossuary.

You collected 1548 gold pieces.
You spent 126 gold pieces at shops.


Innate Abilities, Weirdness & Mutations

You are immune to sickness and miasma.
Your stone body is resilient. (AC +8)
You are immune to poison.
You resist negative energy. (rN+)
You are resistant to electric shocks. (rElec)
You are resistant to unholy torment.
You are immune to petrification.


   Skills:
 - Level 1.5 Dodging
 - Level 2.1 Stealth
 * Level 10.2 Spellcasting
 * Level 11.7 Conjurations
 - Level 0.7 Transmutations
 * Level 13.5 Earth Magic


You had 13 spell levels left.
You knew the following spells:

 Your Spells              Type           Power      Damage    Failure   Level
a - Sandblast             Erth           100%       2d20      1%          1
b - Stone Arrow           Conj/Erth      100%       3d13      1%          3
c - Wereblood             Tmut           13%        N/A       10%         2
d - Passwall              Tmut/Erth      31%        N/A       1%          2
e - Petrify               Tmut/Erth      38%        N/A       4%          4
f - Lee's Rapid Deconstr  Erth           29%        3d15*     1%          5

Your spell library contained the following spells:

 Spells                   Type           Power      Damage    Failure   Level
 Ignite Poison            Fire/Tmut/Pois 11%        N/A       7%          3
 Magic Dart               Conj           100%       1d8       1%          1
 Dazzling Flash           Conj/Hex       66%        N/A       1%          3
 Mephitic Cloud           Conj/Pois/Air  25%        N/A       1%          3
 Fulminant Prism          Conj/Hex       16%        3d11      2%          4
 Iskenderun's Mystic Bla  Conj/Tloc      33%        2d8       2%          4
 Kindle Blastsparks       Fire/Tloc/Air  20%        2d11      7%          3
 Summon Small Mammal      Summ           40%        N/A       9%          1
 Call Imp                 Summ           10%        N/A       13%         2
 Call Canine Familiar     Summ           10%        N/A       26%         3
 Summon Guardian Golem    Hex/Summ       10%        N/A       26%         3
 Starburst                Conj/Fire      16%        6d6       28%         6
 Summon Hydra             Summ           5%         N/A       100%        7
 Sublimation of Blood     Necr           Unusable   N/A       N/A         2

Inventory:

Hand Weapons
 f - a +1 spear
   (You found it on level 1 of the Dungeon)
 N - a +2 heavy spear (weapon)
   (You took it off a gnoll sergeant on level 9 of the Dungeon)
Missiles
 a - 4 curare-tipped darts {=f}
 e - 3 throwing nets {=f!f}
 h - 10 boomerangs
 j - 6 javelins
 k - 75 stones
 D - 20 poisoned darts
 M - 3 boomerangs of dispersal {=f!f}
Armour
 q - a +0 cloak of willpower (worn)
   (You found it on level 5 of the Dungeon)
 L - a +0 troll leather armour (worn)
   (You found it on level 9 of the Dungeon)
Jewellery
 c - a ring of protection from cold
   (You took it off an orc on level 8 of the Dungeon)
 g - an amulet of regeneration (around neck)
   (You took it off Maggie on level 8 of the Dungeon)
 v - a ring of see invisible (right hand)
   (You found it on level 7 of the Dungeon)
 C - a ring of protection from cold (left hand)
   (You found it on level 6 of the Dungeon)
 F - a ring of protection from fire
   (You bought it in a shop on level 7 of the Dungeon)
 T - an amulet of faith {!P}
   (You found it on level 6 of the Dungeon)
Wands
 z - a wand of acid (13)
   (You found it on level 6 of the Dungeon)
 H - a wand of iceblast (11)
   (You found it on level 2 of the Dungeon)
 I - a wand of mindburst (13)
   (You found it on level 8 of the Dungeon)
 J - a wand of charming (2)
   (You found it on level 8 of the Dungeon)
 P - a wand of flame (9)
   (You found it on level 11 of the Dungeon)
Scrolls
 m - 8 scrolls of teleportation {@r4}
 r - 7 scrolls of identify {@r1}
 s - 2 scrolls of vulnerability {!r!r}
 t - 3 scrolls of fog
 y - 2 scrolls of enchant armour
 A - 8 scrolls of immolation {!r!r}
 B - 3 scrolls of fear
 O - a scroll of torment {unknown}
Potions
 b - a potion of magic
 d - 4 potions of heal wounds {@q2}
 i - 6 potions of haste {@q3}
 l - 2 potions of degeneration {!q}
 n - 2 potions of attraction {!q}
 o - 6 potions of curing {@q1}
 p - 5 potions of brilliance
 u - 2 potions of lignification {!q}
 w - 4 potions of might
 x - 2 potions of flight
 E - a potion of resistance
 G - 2 potions of cancellation
 K - a potion of mutation {!q}

Dungeon Overview and Level Annotations

Branches:
Dungeon (11/15) Zot: 26432  Temple (1/1) D:5 Zot: 5749     Orc (0/2) D:10
Ossuary (visited)
   Lair: D:8-11

Altars:
Ashenzari
Cheibriados
Dithmenos
Elyvilon
Fedhas
Gozag
Hepliaklqana
Kikubaaqudgha
Makhleb
Nemelex Xobeh
Okawaru
Qazlal
Ru
Sif Muna
Trog
Uskayaw
Vehumet
Wu Jian
Xom
Yredelemnul
Zin
The Shining One

Shops:
D:3 (   D:7 *   D:9 *

Annotations:
D:8 2 transporters
D:9 1 runed translucent door, Domino's ghost, novice MiBe
D:10 1 runed translucent door

..######....[................##
#..##..#......................#
##...........................#...
.........#......###.#........###
..[......#.........##...).....#
#........(.....########....†.....
........#######)................
........#....OO......#.#........
...... #.....#@.##..#.#........
..... #..#.O#..##..#..........
.... #...O.#......#..........
.... #.....#......#.........
##'###########.....##. #..W.#9W
.p#..#..# #..)Y#p#.# .# #....O..
# ## #....####


You could see 2 two-headed ogres.


Message History

Confirm with . or Enter, or press ? or * to list all spells.
Aiming: Sandblast (safe; 1% risk of failure)
Press: ? - help, Shift-Dir - straight line, f - wraith
Aim: a wraith (85% to hit)
The blast of sand hits the wraith!
Casting: Sandblast (safe; 1% risk of failure)
Confirm with . or Enter, or press ? or * to list all spells.
Aiming: Stone Arrow (safe; 1% risk of failure)
Press: ? - help, Shift-Dir - straight line, f/p - wraith
Aim: a wraith (heavily damaged, 78% to hit)
The stone arrow hits the wraith!
The yak bellows! 😎 MP[-3]
You lost 3 mp, and now have 18/25 mp.
There is an open door here.
Casting: Stone Arrow (safe; 1% risk of failure)
Confirm with . or Enter, or press ? or * to list all spells.
You can't see any susceptible monsters within range! (Use Z to cast anyway.)
Casting: Stone Arrow (safe; 1% risk of failure)
Confirm with . or Enter, or press ? or * to list all spells.
Aiming: Sandblast (safe; 1% risk of failure)
Press: ? - help, Shift-Dir - straight line, f/p - wraith
Aim: a wraith (almost destroyed, 85% to hit)
The blast of sand hits the wraith.
The wraith misses you.
Casting: Sandblast (safe; 1% risk of failure)
Confirm with . or Enter, or press ? or * to list all spells.
Aiming: Sandblast (safe; 1% risk of failure)
Press: ? - help, Shift-Dir - straight line, f/p - wraith
Aim: a wraith (almost destroyed, 85% to hit)
The blast of sand hits the wraith but does no damage.
The wraith hits you! The wraith drains your vigour!
You feel yourself slow down. 😕 HP[-11] MP[-1]
You take 11 damage, and now have 43/54 hp.
MASSIVE DAMAGE!! (PAUSE)
You lost 1 mp, and now have 17/25 mp.
The yak misses you. The wraith hits you but does no damage.
The yak gores you! 😮 HP[-11]
You take 11 damage, and now have 32/54 hp.
MASSIVE DAMAGE!! (PAUSE)
The wraith attacks as you move away! The wraith hits you.
The wraith drains your vigour!
You feel as though you will be slow longer.
There is an open door here. 😮 HP[+2] MP[+1]
You regained 2 hp, and now have 34/54 hp.
The wraith attacks as you move away! The wraith closely misses you.
The wraith barely misses you. 😮 HP[+3]
You regained 3 hp, and now have 37/54 hp.
Casting: Sandblast (safe; 1% risk of failure)
Confirm with . or Enter, or press ? or * to list all spells.
Aiming: Stone Arrow (safe; 1% risk of failure)
Press: ? - help, Shift-Dir - straight line, f/p - wraith
Aim: a wraith (almost destroyed, 78% to hit)
The stone arrow hits the wraith!
You destroy the wraith!
Vehumet accepts your kill.
You feel your power returning. 😮 HP[+3]
You regained 3 hp, and now have 40/54 hp.
Okay, then.
Okay, then.
Aiming: Corrosive Bolt
Press: ? - help, Shift-Dir - straight line The bolt of acid hits the yak!
The acid corrodes the yak!
The bolt of acid hits the two-headed ogre!
The yak gores you. The yak gores you!
* * * LOW HITPOINT WARNING * * *
😨 HP[-13]
You take 13 damage, and now have 27/54 hp.
MASSIVE DAMAGE!! (PAUSE)
Aiming: Corrosive Bolt
Press: ? - help, Shift-Dir - straight line The bolt of acid hits the yak!
The bolt of acid hits the two-headed ogre!
The acid corrodes the two-headed ogre!
The yak gores you. 😮 HP[+1] MP[+1]
Casting: Stone Arrow (safe; 1% risk of failure)
Confirm with . or Enter, or press ? or * to list all spells.
Aiming: Stone Arrow (safe; 1% risk of failure)
Press: ? - help, Shift-Dir - straight line The stone arrow hits the yak!!
You kill the yak!
Vehumet accepts your kill. The two-headed ogre closely misses you.
The two-headed ogre hits you but does no damage. 😮 HP[+2] MP[-3]
You regained 2 hp, and now have 30/54 hp.
You lost 3 mp, and now have 16/25 mp.
Casting: Stone Arrow (safe; 1% risk of failure)
Confirm with . or Enter, or press ? or * to list all spells.
Aiming: Stone Arrow (safe; 1% risk of failure)
Press: ? - help, Shift-Dir - straight line, f - gargoyle
Aim: a gargoyle, wielding a +0 flail (89% to hit)
The stone arrow hits the two-headed ogre!
The two-headed ogre hits you with a +0 giant spiked club!!
* * * LOW HITPOINT WARNING * * *
The two-headed ogre hits you with a +0 giant spiked club!!
You die...

Skill      XL: |  1  2  3  4  5  6  7  8  9 10 11 |
---------------+----------------------------------+-----
Earth Magic    | 4 5 6 7 8 10 12 13 | 13.5
Conjurations   | 1 2 3 5 6 8 10 11 | 11.7
Spellcasting   | 3 4 6 7 9 10 | 10.2
Dodging        | |  1.5
Stealth        | |  2.1
Transmutations | |  0.7

Action                     |  1- 3 |  4- 6 |  7- 9 | 10-12 || total
---------------------------+-------+-------+-------+-------++-------
  Melee: Spear             |    31 |     8 |       |       ||    39
         Unarmed           |     6 |    15 |       |       ||    21
   Cast: Sandblast         |    53 |    89 |   108 |    85 ||   335
         Stone Arrow       |       |       |    41 |   100 ||   141
  Evoke: Wand              |       |       |       |     2 ||     2
    Use: Scroll            |     8 |     9 |     6 |     3 ||    26
         Potion            |     1 |     1 |       |       ||     2
   Stab: Sleeping          |     1 |       |       |       ||     1
 Armour: Robe              |    45 |    10 |    30 |    15 ||   100
         Skin              |       |    28 |       |       ||    28
         Troll leather arm |       |       |       |    35 ||    35
  Dodge: Dodged            |    66 |    18 |    45 |    63 ||   192

Levels and vault maps discovered:
D:1:      minmay_arrival_four_houses, layout_loops_ring, serial_glass,
          glass_columns_c, glass_columns_a, hangedman_glass_garden,
          minmay_misc_feat_doors, hangedman_abyss_or_decor_lesser_grid,
          amcnicky_mini_corridor_feature, hex_tiny, minmay_tripent
D:2:      layout_loops_ring
D:3:      layout_rooms, basic_ecumenical_altar, serial_shops,
          nicolae_shop_bloodbath_and_beyond
D:4:      layout_rooms, mainiacjoe_overflow_swirl, enter_ossuary_1
D:5:      layout_loops_cross, mainiacjoe_overflow_divided_tiny,
          minmay_temple_entry_enclosed_plants
D:6:      layout_cave_pools, jmf_multi_god_temple, serial_bayou_lake_a,
          uniq_pikel
D:7:      layout_basic, cheibriados_altar_1, serial_shops,
          nicolae_inconvenience_store
D:8:      gammafunk_the_bubble [the_bubble_gammafunk_crates], layout_loops_ring,
          small_statue_intersection, uniq_maggie
D:9:      kb_forest_paths, layout_long_grid, serial_shops, shop,
          ebering_ghost_funeral_grove
D:10:     cheibrodos_shockbox, layout_rooms, orc_0_dummy, uniq_sonja
D:11:     minmay_clustersquares, layout_cave_pools, erik_lair_orcish_takeover,
          serial_shops, nicolae_shop_advertising_works
          [nicolae_subvault_shop_adworks]
Temple:   regret_index_temple_generic_petals

Notes
Turn   | Place    | Note
-------+----------+-------------------------------------------
     0 | D:1      | kae the Gargoyle Earth Elementalist began the quest for the
                  | Orb.
     0 | D:1      | Reached XP level 1. HP: 10/10 MP: 3/3
     0 | D:1      | magus.rc [v1.11.3]
   171 | D:1      | Reached skill level 4 in Earth Magic
   211 | D:1      | Reached XP level 2. HP: 13/15 MP: 5/5
   806 | D:2      | You pick up a book of Blood and begin reading...
   806 | D:2      | You add the spells Wereblood and Summon Hydra to your
                  | library.
   977 | D:2      | You pick up a book of Spectacle and begin reading...
   977 | D:2      | You add the spells Dazzling Flash, Iskenderun's Mystic
                  | Blast and Starburst to your library.
  1006 | D:2      | Reached XP level 3. HP: 18/19 MP: 2/6
  1009 | D:2      | Learned a level 2 spell: Wereblood
  1013 | D:2      | Learned a level 3 spell: Stone Arrow
  1513 | D:2      | Identified a scroll of acquirement
  1513 | D:2      | Acquired 634 gold pieces
  1577 | D:3      | Reached skill level 1 in Conjurations
  1659 | D:2      | HP: 4/19 [adder (2)]
  1659 | D:2      | HP: 1/19 [orc/+0 short sword (3)]
  1666 | D:2      | Reached XP level 4. HP: 24/24 MP: 3/8
  1671 | D:2      | Reached skill level 5 in Earth Magic
  1814 | D:3      | Found Dareojuudd's Weapon Shop.
  1973 | D:3      | Found a faded altar of an unknown god.
  2148 | D:4      | Reached skill level 3 in Spellcasting
  2238 | D:4      | Reached skill level 2 in Conjurations
  2238 | D:4      | Reached XP level 5. HP: 28/28 MP: 5/9
  2307 | D:4      | Noticed an ogre
  2317 | D:4      | Killed an ogre
  2318 | D:4      | Reached XP level 6. HP: 32/32 MP: 4/11
  2438 | D:4      | Found a sand-covered staircase.
  2453 | Ossuary  | Entered an ossuary
  2484 | Ossuary  | Reached skill level 3 in Conjurations
  2619 | Ossuary  | Reached skill level 6 in Earth Magic
  2936 | D:4      | You pick up a book of Blasting and begin reading...
  2936 | D:4      | You add the spells Kindle Blastsparks, Fulminant Prism and
                  | Lee's Rapid Deconstruction to your library.
  2985 | D:4      | Reached skill level 4 in Spellcasting
  3082 | D:4      | Found an iron altar of Okawaru.
  3085 | D:4      | Reached XP level 7. HP: 36/36 MP: 9/13
  3118 | D:4      | Found a hazy altar of Hepliaklqana.
  3211 | D:5      | Entered Level 5 of the Dungeon
  3216 | D:5      | Learned a level 2 spell: Passwall
  3221 | D:5      | Learned a level 4 spell: Petrify
  3269 | D:5      | Found a staircase to the Ecumenical Temple.
  3275 | Temple   | Entered the Ecumenical Temple
  3494 | Temple   | Became a worshipper of Vehumet
  3650 | D:5      | Reached skill level 4 in Conjurations
  4061 | D:5      | HP: 2/36 [ice beast (14)]
  4064 | D:5      | Reached skill level 7 in Earth Magic
  4365 | D:5      | Reached skill level 5 in Conjurations
  4367 | D:5      | Reached XP level 8. HP: 39/41 MP: 7/15
  4449 | D:5      | Found a blossoming altar of Fedhas.
  4449 | D:5      | Found a shimmering blue altar of Sif Muna.
  4453 | D:5      | Reached skill level 5 in Spellcasting
  4577 | D:6      | Learned a level 5 spell: Lee's Rapid Deconstruction
  4599 | D:6      | Noticed Pikel
  4604 | D:6      | Killed Pikel
  4605 | D:6      | Reached skill level 6 in Conjurations
  4605 | D:6      | Reached skill level 8 in Earth Magic
  4938 | D:6      | Reached skill level 6 in Spellcasting
  5048 | D:6      | Reached XP level 9. HP: 38/45 MP: 13/18
  5081 | D:6      | Reached * piety under Vehumet
  5081 | D:6      | Offered knowledge of Shock by Vehumet.
  5158 | D:6      | Reached skill level 9 in Earth Magic
  5165 | D:6      | Reached skill level 7 in Conjurations
  5239 | D:6      | Found a basalt altar of Yredelemnul.
  5241 | D:6      | Found a shimmering altar of Xom.
  5271 | D:6      | You pick up a book of Callings and begin reading...
  5271 | D:6      | You add the spells Summon Small Mammal, Call Canine
                  | Familiar and Summon Guardian Golem to your library.
  5800 | D:6      | Reached skill level 7 in Spellcasting
  5991 | D:7      | Offered knowledge of Poisonous Vapours by Vehumet.
  6001 | D:7      | Reached ** piety under Vehumet
  6122 | D:7      | Reached skill level 8 in Conjurations
  6213 | D:7      | Reached skill level 10 in Earth Magic
  6261 | D:7      | Found Hiarokum's Assorted Antiques.
  6375 | D:7      | Bought a scroll labelled ZOCLEXKAHIS for 21 gold pieces
  6375 | D:7      | Bought a large wooden ring for 105 gold pieces
  6702 | D:7      | Reached XP level 10. HP: 50/50 MP: 7/21
  6897 | D:7      | Found a snail-covered altar of Cheibriados.
  7236 | D:8      | Found a transporter.
  7239 | D:8      | Noticed an unseen horror
  7244 | D:8      | Noticed a guardian serpent
  7251 | D:8      | Noticed a boulder beetle
  7271 | D:8      | a guardian serpent changed into a troll
  7369 | D:8      | Noticed Maggie
  7378 | D:8      | Killed Maggie
  7592 | D:8      | Reached skill level 8 in Spellcasting
  7592 | D:8      | Reached skill level 9 in Conjurations
  7716 | D:8      | Found a transporter.
  7725 | D:8      | Identified the +1 robe of Disaster {Str+3}
  8028 | D:9      | Reached skill level 11 in Earth Magic
  8113 | D:9      | Offered knowledge of Static Discharge by Vehumet.
  8285 | D:9      | Noticed a two-headed ogre
  8289 | D:9      | Killed a two-headed ogre
  8343 | D:9      | Reached *** piety under Vehumet
  8419 | D:9      | Reached skill level 10 in Conjurations
  8595 | D:9      | Reached skill level 9 in Spellcasting
  8595 | D:9      | Reached skill level 12 in Earth Magic
  8595 | D:9      | Reached XP level 11. HP: 54/54 MP: 21/24
  8744 | D:9      | Offered knowledge of Frozen Ramparts by Vehumet.
  8901 | D:9      | Found Apsuag's General Store.
  8942 | D:9      | Found a runed translucent door.
  8942 | D:9      | Identified the +9 spear "Kaemeir" {flame, rElec rC+}
  8942 | D:9      | Noticed Domino's ghost (novice MiBe)
  8944 | D:9      | Identified the +4 long sword of Watchfulness {spect,
                  | Stlth+}
  9628 | D:10     | Entered Level 10 of the Dungeon
  9628 | D:10     | Noticed a sixfirhy
  9628 | D:10     | Found a runed translucent door.
  9638 | D:10     | Noticed Sonja
  9680 | D:10     | Killed Sonja
  9789 | D:10     | Noticed a two-headed ogre
  9792 | D:10     | Killed a two-headed ogre
  9793 | D:10     | Reached skill level 11 in Conjurations
 10007 | D:10     | Reached **** piety under Vehumet
 10143 | D:10     | You pick up a book of Minor Magic and begin reading...
 10143 | D:10     | You add the spells Magic Dart, Call Imp and Mephitic Cloud
                  | to your library.
 10201 | D:10     | Found a staircase to the Orcish Mines.
 10270 | D:11     | Noticed a cyclops
 10274 | D:11     | Reached skill level 13 in Earth Magic
 10274 | D:11     | HP: 8/54 [cyclops/large rock (21)]
 10385 | D:11     | Killed a cyclops
 10385 | D:11     | Offered knowledge of Ignite Poison by Vehumet.
 10530 | D:11     | Noticed a brown ugly thing
 10535 | D:11     | Killed a brown ugly thing
 10640 | D:11     | Noticed a manticore
 10640 | D:11     | Noticed a two-headed ogre
 10646 | D:11     | Killed a two-headed ogre
 10647 | D:11     | Reached skill level 10 in Spellcasting
 10649 | D:11     | Killed a manticore
 10755 | D:11     | Noticed a wizard
 10799 | D:11     | Noticed a two-headed ogre
 10808 | D:11     | Noticed a two-headed ogre
 10824 | D:11     | HP: 11/54 [two-headed ogre/+0 giant spiked club (22)]
 10824 | D:11     | Mangled by a two-headed ogre

Vanquished Creatures
  3 two-headed ogres
  Sonja (D:10)
  Pikel (D:6)
  An ugly thing (D:11)
  A cyclops (D:11)
  A manticore (D:11)
  Maggie (D:8)
  A gargoyle (D:10)
  A kobold demonologist (D:11)
  2 trolls (D:9)
  3 wyverns
  A shadow (D:10)
  5 spriggans (D:9)
  6 yaks
  A wraith (D:11)
  A steam dragon (D:8)
  A water moccasin (D:9)
  2 orc warriors (D:9)
  2 ice beasts
  A black bear (D:6)
  A sky beast (D:7)
  An ogre (D:4)
  3 centaurs
  4 phantoms
  5 kobold brigands
  3 scorpions
  6 bullfrogs
  A gnoll sergeant (D:9)
  11 wights
  16 killer bees
  3 electric eels (D:6)
  A jelly (D:7)
  5 howler monkeys
  7 hounds
  An orc priest (D:6)
  5 iguanas
  6 orc wizards
  8 mummies (Ossuary)
  13 gnolls
  7 adders
  A shadow imp (D:7)
  3 white imps (D:7)
  An ufetubus (D:6)
  2 worms
  3 dart slugs
  24 orcs
  7 ball pythons
  An endoplasm (D:4)
  3 giant cockroaches
  4 goblins
  8 hobgoblins
  11 jackals
  18 kobolds
  5 quokkas
  4 bats
  3 frilled lizards
  2 gnoll zombies (Ossuary)
  A hobgoblin zombie (Ossuary)
  3 kobold zombies (Ossuary)
  2 orc zombies (Ossuary)
  6 rats
255 creatures vanquished.

Vanquished Creatures (others)
  27 plants
27 creatures vanquished.

Grand Total: 282 creatures vanquished

Table legend:
 A = Non-vault XP
 B = Vault XP
 C = Vault XP percentage of total XP
 D = Non-vault monster count
 E = Vault monster count
 F = Vault count percentage of total count
                 A         B        C        D         E       F
            +---------+---------+-------+---------+---------+-------
      Total |   11948 |    5893 |  33.0 |     213 |      42 |  16.5
            +---------+---------+-------+---------+---------+-------
        D:1 |      26 |       3 |  10.3 |      15 |       2 |  11.8
        D:2 |      64 |       0 |   0.0 |      20 |       0 |   0.0
        D:3 |      42 |       0 |   0.0 |      16 |       0 |   0.0
        D:4 |     340 |       0 |   0.0 |      28 |       0 |   0.0
        D:5 |     686 |       0 |   0.0 |      21 |       0 |   0.0
        D:6 |    1463 |     929 |  38.8 |      29 |       3 |   9.4
        D:7 |     972 |       0 |   0.0 |      22 |       0 |   0.0
        D:8 |     719 |     437 |  37.8 |       8 |       1 |  11.1
        D:9 |    2314 |    2776 |  54.5 |      34 |      14 |  29.2
       D:10 |    2254 |     778 |  25.7 |      12 |       1 |   7.7
       D:11 |    3068 |     821 |  21.1 |       8 |       5 |  38.5
    Ossuary |       0 |     149 | 100.0 |       0 |      16 | 100.0
            +---------+---------+-------+---------+---------+-------

Illustrated notes

Table legend:
 A = Kills in this place as a percentage of kills in entire the game.
 B = Kills by you in this place as a percentage of kills by you in the entire game.
 C = Kills by friends in this place as a percentage of kills by friends in the entire game.
 D = Other kills in this place as a percentage of other kills in the entire game.
 E = Experience gained in this place as a percentage of experience gained in the entire game.
 F = Experience gained in this place divided by the number of levels of this place that you have seen.
                   A       B       C       D       E      F
               +-------+-------+-------+-------+-------+----------------------
         Total | 100.0 | 100.0 |   N/A |   N/A | 100.0 | 1372.4
       Dungeon |  93.7 |  93.7 |   N/A |   N/A |  99.2 | 1608.4
       Ossuary |   6.3 |   6.3 |   N/A |   N/A |   0.8 | 149.0
               +-------+-------+-------+-------+-------+----------------------

Table legend: (Time is in decaauts)
 A = Elapsed time spent in this place.
 B = Non-inter-level travel time spent in this place.
 C = Inter-level travel time spent in this place.
 D = Time resting spent in this place.
 E = Time spent auto-exploring this place.
 F = Levels seen in this place.
 G = Mean time per level.
                   A        B        C        D        E       F      G
               +--------+--------+--------+--------+--------+-----+--------+
         Total |  11031 |  10733 |    298 |    677 |   8369 |  13 |  848.5 |
       Dungeon |  10412 |  10172 |    240 |    586 |   8020 |  11 |  946.5 |
        Temple |    250 |    192 |     58 |      0 |    182 |   1 |  250.0 |
       Ossuary |    368 |    368 |      0 |     91 |    167 |   1 |  368.0 |
               +--------+--------+--------+--------+--------+-----+--------+

Top non-repeatable levels by time:
     D:9: 1660 daAuts
     D:7: 1373 daAuts
     D:6: 1355 daAuts
     D:5: 1135 daAuts
     D:2: 939 daAuts
     D:1: 811 daAuts
     D:8: 761 daAuts
    D:10: 745 daAuts
     D:4: 732 daAuts
    D:11: 463 daAuts
     D:3: 434 daAuts
 Ossuary: 368 daAuts
  Temple: 250 daAuts
